 Dungeon Crawl Stone Soup version 0.27.0-1-g7a089689b8 (webtiles) character file.

Game seed: 541786128255018778

30 Malachi the Vandal (level 3, -1/27 HPs)
             Began as a Formicid Hunter on Aug 12, 2021.
             Was a Follower of Fedhas.
             Slain by a goblin (2 damage)
             ... led by Robin
             ... on level 2 of the Dungeon.
             The game lasted 00:03:24 (1068 turns).

Malachi the Vandal (Formicid Hunter)                Turns: 1068, Time: 00:03:26

Health: -1/27      AC:  3    Str: 17    XL:     3   Next: 35%
Magic:  3/3        EV: 11    Int: 16    God:    Fedhas [*.....]
Gold:   54         SH:  0    Dex: 11    Spells: 2/2 levels left

rFire    + . .     SeeInvis +   a - +1 hunting sling
rCold    + . .     Faith    .   (no shield)
rNeg     . . .     Spirit   .   c - +0 leather armour
rPois    +         Reflect  .   (helmet unavailable)
rElec    +         Harm     .   (no cloak)
rCorr    +         Rampage  .   (no gloves)
Will     .....                  (no boots)
Stlth    +.........             (no amulet)
HPRegen  0.09/turn              g - +6 ring of intelligence
MPRegen  0.08/turn              (no ring)

@: resistant
A: permanent stasis, dig shafts and tunnels, antennae 3, four strong arms
a: Dig, Shaft Self, Renounce Religion


You were on level 2 of the Dungeon.
You worshipped Fedhas.
Fedhas was aware of your devotion.
You visited 1 branch of the dungeon, and saw 2 of its levels.

You collected 54 gold pieces.

Inventory:

Hand Weapons
 a - a +1 hunting sling (weapon)
 b - a +0 short sword
 h - a +0 hand axe
Missiles
 d - 4 sling bullets (quivered ammo)
 e - 103 stones
Armour
 c - a +0 leather armour (worn)
Jewellery
 g - a +6 ring of intelligence (left hand)
 k - a +6 ring of intelligence
Scrolls
 i - a scroll of acquirement {unknown}
 j - a scroll of identify {unknown}
Potions
 l - a potion of heal wounds {unknown}
 m - a potion of flight {unknown}


   Skills:
 + Level 2.2 Fighting
 + Level 0.1 Axes
 + Level 5.3 Slings
 + Level 0.3 Armour
 + Level 1.8 Dodging
 + Level 1.4 Stealth


You had 2 spell levels left.
You didn't know any spells.
Your spell library was empty.

Dungeon Overview and Level Annotations

Branches:
Dungeon (2/15)

Altars:
Fedhas

Annotations:
D:2 Robin


Innate Abilities, Weirdness & Mutations

You cannot be hasted, slowed, berserked, paralysed or teleported.
You can dig through walls and to a lower floor.
You have a pair of large antennae on your head. (SInv)
Your four strong arms can wield two-handed weapons with a shield.


Message History

The sling bullet hits the goblin.
You kill the goblin!
Fedhas appreciates your contribution to the ecosystem.
The goblin hits you but does no damage.
Fire: 7 sling bullets
Press: ? - help, Q - select action, (/) - cycle Shift-Dir - straight line, f/p - goblin
Aim: a goblin, wielding a +0 dagger (strong, 53% to hit)
You shoot a sling bullet.
The sling bullet closely misses the goblin.
The sling bullet hits Robin.
Robin is lightly wounded.
Robin throws the goblin at you!
A goblin comes into view. It is wielding a +0 dagger.
The goblin hits you but does no damage. The goblin hits you with a +0 dagger.
Unknown command.
Unknown command.
Fire: 6 sling bullets
Press: ? - help, Q - select action, (/) - cycle Shift-Dir - straight line, f - Robin, p - goblin
Aim: Robin, wielding a +2 vampiric short sword, wearing a +2 animal skin and wearing a +0 helmet (lightly wounded, 68% to hit)
You shoot a sling bullet.
The sling bullet closely misses the goblin.
The sling bullet barely misses Robin.
The sling bullet closely misses the hobgoblin.
The goblin shouts!
The goblin barely misses you. The goblin hits you with a +0 dagger.
Fire: 5 sling bullets
Press: ? - help, Q - select action, (/) - cycle Shift-Dir - straight line, f/p - Robin
Aim: Robin, wielding a +2 vampiric short sword, wearing a +2 animal skin and wearing a +0 helmet (lightly wounded, 68% to hit)
You shoot a sling bullet. The sling bullet hits Robin.
Robin is moderately wounded.
Robin hits you with a +2 vampiric short sword.
The goblin barely misses you. The goblin hits you with a +0 dagger.
* * * LOW HITPOINT WARNING * * *
It was a potion of resistance.
You feel protected.
Robin hits you with a +2 vampiric short sword!
* * * LOW HITPOINT WARNING * * *
Robin draws strength from your wounds! The goblin hits you with a +0 dagger.
You die...
Fedhas appreciates your contribution to the ecosystem.

#.# #. #.# #. #.########
#. #.#......# ## #.
#.#......# #. #.
#.#......# #. #.
#.#......####.
.#####g####...........#.
(.(..)g@g..>........#.#.
.#().#g####..#......#.#.
(.( #. .....#......#.#.
. +. ###>##......#... {
#. ............#. #.
##.#########.#. #. #.#
#.#. #. .# #.#. #.#.


You could see Robin, a hobgoblin (strong) and 2 goblins.

Vanquished Creatures
  2 ball pythons (D:1)
  A bat (D:1)
  3 endoplasms (D:1)
  A giant cockroach (D:1)
  8 goblins (D:2)
  A hobgoblin (D:2)
  3 jackals (D:1)
  2 kobolds (D:1)
  2 frilled lizards (D:1)
23 creatures vanquished.

Notes
Turn   | Place    | Note
-------+----------+-------------------------------------------
     0 | D:1      | Malachi the Formicid Hunter began the quest for the Orb.
     0 | D:1      | Reached XP level 1. HP: 16/16 MP: 1/1
    94 | D:1      | Reached XP level 2. HP: 21/22 MP: 2/2
   256 | D:1      | Reached skill level 5 in Slings
   714 | D:1      | Found a faded altar of an unknown god.
   934 | D:1      | Became a worshipper of Fedhas Madash
   934 | D:1      | Reached * piety under Fedhas
  1053 | D:2      | Reached XP level 3. HP: 27/27 MP: 3/3
  1055 | D:2      | Noticed Robin
  1068 | D:2      | HP: 1/27 [Robin (8)]
  1068 | D:2      | Slain by a goblin

Illustrated notes

Levels and vault maps discovered:
D:1:      dpeg_arrival_leaves_temple_mockup, layout_basic,
          basic_ecumenical_altar
D:2:      layout_basic, uniq_robin

Skill      XL: |  1  2 |
---------------+-------+-----
Slings         | 5 |  5.3
Fighting       | |  2.2
Axes           | |  0.1
Armour         | |  0.3
Dodging        | |  1.8
Stealth        | |  1.4

Action                   || total
-------------------------++-------
Melee: Hand axe          ||    11
 Fire: Hunting sling     ||    31
Throw: Stone             ||     1
  Use: Potion            ||     1
Armor: Leather armour    ||     4
Dodge: Dodged            ||     9
